 Dungeon Crawl Stone Soup version 0.14-a0-1613-gd720e3e (webtiles) character file.

641405 cedor the Slayer (level 27, -11/309 HPs)
             Began as an Ogre Arcane Marksman on Dec 22, 2013.
             Was the Champion of Cheibriados.
             Mangled by a giant amoeba (12 damage)
             ... while paralysed by a giant eyeball
             ... on Level 2 of the Pits of Slime on Dec 24, 2013.
             The game lasted 12:45:10 (79615 turns).

cedor the Slayer (Ogre Arcane Marksman)            Turns: 79615, Time: 12:45:11

HP -11/309       AC 27     Str 39      XL: 27
MP  28/41        EV  1     Int 36      God: Cheibriados [******]
Gold 5300        SH  0     Dex 27      Spells: 12 memorised,  8 levels left

rFire  + . .     SeeInvis .     d - +0,+5 great mace (flame)
rCold  + + .     Clarity  .     X - +9 gold dragon armour
rNeg   . . .     Conserve .     (shield restricted)
rPois  +         rCorr    +     j - +0 cap {Int+3}
rElec  .         rRot     .     J - +2 cloak of Vanity {rC+}
SustAb . .       Spirit   .     (gloves unavailable)
rMut   .         Warding  .     (boots unavailable)
Saprov + . .     Stasis   .     p - amulet of resist corrosion
                                o - ring of wizardry
                                F - ring of regeneration

@: paralysed, studying Maces & Flails, very slightly contaminated, very slow,
very resistant to hostile enchantments, extremely unstealthy
A: unfitting armour, deformed body, fast metabolism 1, saprovore 1, tough skin 1
a: Bend Time, Temporal Distortion, Slouch, Step From Time, Renounce Religion
}: 3/15 runes: serpentine, barnacled, silver


You were on level 2 of the Pits of Slime.
You worshipped Cheibriados.
Cheibriados was exalted by your worship.
You were not hungry.

You visited 13 branches of the dungeon, and saw 62 of its levels.
You also visited: Labyrinth, Trove and Ice Cave.

You collected 8303 gold pieces.
You spent 3003 gold pieces at shops.


Innate Abilities, Weirdness & Mutations

You are too large for most types of armour.
You have a fast metabolism.
You can tolerate rotten meat.
You have tough skin (AC +1).*
Armour fits poorly on your strangely shaped body.*


   Skills:
 + Level 24.0 Fighting
 + Level 18.8 Maces & Flails
 - Level 12.0 Throwing
 + Level 14.8 Armour
 - Level 14.2 Dodging
 - Level 5.1 Stealth
   Level 15.0 Shields
 - Level 12.0 Spellcasting
 - Level 15.6 Hexes
 - Level 4.4 Translocations
 - Level 11.0 Transmutations
 - Level 14.0 Earth Magic
 - Level 10.2 Invocations
 - Level 3.0 Evocations


You had 8 spell levels left.
You knew the following spells:

 Your Spells              Type           Power        Failure   Level  Hunger
a - Corona                Hex            #######      1%          1    None
b - Inner Flame           Hex/Fire       ######..     3%          3    None
c - Confuse               Hex            #######.     1%          3    None
d - Lee's Rapid Deconstr  Erth           #######...   1%          5    None
e - Stoneskin             Trmt/Erth      #######...   1%          2    None
f - Statue Form           Trmt/Erth      #######...   19%         6    ###....
g - Passwall              Trmt/Erth      #######...   1%          3    None
h - Invisibility          Hex            #######.     5%          6    ###....
i - Mass Confusion        Hex            #######...   5%          6    ###....
j - Blink                 Tloc           N/A          5%          2    None
x - Enslavement           Hex            #######.     1%          4    None
z - Apportation           Tloc           ######....   4%          1    None

Inventory:

Hand weapons
 a - a +6,+7 vampiric demon whip {!w}
 b - a +6 blowgun
 d - a +0,+5 great mace of flaming (weapon)
 E - a +0,+1 great mace of protection
 G - a +3,+2 demon whip of electrocution
 H - a +5,+5 flail of holy wrath
Missiles
 i - 8 darts of dispersal {=f,=F}
 A - 3 throwing nets {=f,=F}
 K - 18 curare-tipped needles
 V - 5 steel javelins (quivered)
Armour
 c - a -2 elven large shield of protection
 j - a +0 cap of intelligence (worn)
 t - a +0 shield of resistance
 J - the +2 cloak of Vanity (worn) {rC+}
   (You found it in a treasure trove)

   It protects you from cold.
 X - a +9 gold dragon armour (worn)
Magical devices
 n - a wand of heal wounds (1)
 x - a wand of disintegration (6)
 R - a wand of teleportation (1)
 W - a wand of digging (9)
Comestibles
 k - 6 meat rations
 z - 4 bread rations
Scrolls
 e - 2 scrolls of immolation {!r}
 h - a scroll of fog
Jewellery
 g - an uncursed ring of teleport control
 m - an uncursed ring of flight
 o - a ring of wizardry (right hand)
 p - an amulet of resist corrosion (around neck)
 u - an uncursed amulet of clarity
 y - an uncursed ring of see invisible
 B - an uncursed ring of positive energy
 C - an uncursed amulet of conservation
 F - a ring of regeneration (left hand)
 M - the brooch of Shielding {Ward AC+4 EV+4}
   (You bought it in a shop on level 4 of the Orcish Mines)

   [amulet of warding]

   It affects your AC (+4).
   It affects your evasion (+4).
 P - an uncursed amulet of resist mutation
Potions
 q - a potion of heal wounds
 s - 2 potions of might
 v - 2 potions of magic
 w - 4 potions of curing
 D - a potion of restore abilities
 L - a potion of lignification
Books
 f - a manual of Maces & Flails
Magical staves
 Z - an uncursed staff of earth
Miscellaneous
 l - the horn of Geryon


Message History

The brown ooze quivers.
A giant amoeba comes into view.
The giant amoeba quivers.
A giant eyeball comes into view.
The giant eyeball turns its gaze towards you.
The brown ooze hits you.
* * * LOW HITPOINT WARNING * * *
You are splashed with acid!
The acid burns!
You resist.
* * * LOW HITPOINT WARNING * * *
The giant amoeba hits you.
* * * LOW HITPOINT WARNING * * *
A shining eye comes into view.
The walls burn you! You resist.
* * * LOW HITPOINT WARNING * * *
The brown ooze hits you.
* * * LOW HITPOINT WARNING * * *
You are splashed with acid!
The acid burns!
You resist.
* * * LOW HITPOINT WARNING * * *
The giant amoeba hits you!
You die...

. G..
.... .. .
....#
...# ....
.#. ...#
.. ...##
#.#G...#
##.J....#
#..@...#
##J##...#
## .## .#
#


You could see a giant amoeba, a shining eye, a brown ooze and a giant eyeball.

Vanquished Creatures
  Saint Roka (Shoals:5)
  Boris (twice) (Vaults:4 Forest:5)
  Sojobo (Forest:5)
  Margery (Forest:3)
  Norris (Shoals:3)
  the Enchantress (Forest:5)
  Lamia (Snake:3)
  Mara (Shoals:5)
  Geryon (Hell)
  4 golden dragons
  A golden dragon (shapeshifter) (Vaults:5)
  4 bone dragons
  Jory (Forest:3)
  Xtahua (Depths:5)
  Frederick (Depths:6)
  3 liches
  15 tentacled monstrosities
  A player illusion (Shoals:5)
  7 titans
  2 deep elf blademasters (Elf:3)
  8 storm dragons
  An Executioner (Elf:3)
  2 deep elf master archers (Elf:3)
  3 acid blobs
  2 thorn hunters
  The ghost of Gorice the Gelid, a mighty HaIE of Sif Muna (Shoals:5)
  8 sphinxes
  Rupert (Shoals:4)
  Agnes (Elf:3)
  Frances (Shoals:2)
  Kirke (Elf:2)
  9 shadow dragons
  A draconian monk (Depths:6)
  Roxanne (Elf:3)
  Polyphemus (Shoals:5)
  12 tengu reavers
  12 fire giants
  13 frost giants
  Donald (Shoals:2)
  Wiglaf (Shoals:4)
  3 deep elf sorcerers
  A draconian scorcher (Depths:6)
  Ilsuiw (Shoals:5)
  A cacodemon (Depths:4)
  7 greater nagas (Snake:5)
  4 ancient bears
  Jorgrun (Snake:3)
  A draconian annihilator (Depths:6)
  3 vault wardens
  3 balrugs
  54 stone giants
  9 spriggan defenders
  A vampire knight (Depths:2)
  6 deep elf demonologists
  A grey draconian (Depths:6)
  7 treants
  2 green draconians (Depths:6)
  A lorocyproca (Depths:5)
  2 apis
  2 phoenixes (Depths:3)
  An elemental wellspring (Forest:5)
  2 yellow draconians (Depths:6)
  3 red draconians (Depths:6)
  5 pale draconians (Depths:6)
  2 purple draconians (Depths:6)
  2 dire elephants
  5 deep elf annihilators
  A black draconian (Depths:6)
  2 white draconians (Depths:6)
  4 merfolk javelineers (Shoals:5)
  6 satyrs
  The ghost of KINGBONG the Severer, a powerful DsBe of Trog (Elf:1)
  36 ettins
  19 spriggan air magi
  9 vault guards (Vaults:5)
  A minotaur (Lab)
  A fire dragon (shapeshifter) (Vaults:5)
  8 deep elf death magi (Elf:3)
  6 merfolk impalers
  2 sirens (Shoals:5)
  A mummy priest (Forest:2)
  10 fire dragons
  2 deep elf high priests (Elf:3)
  3 great orbs of eyes
  7 ironheart preservers
  A siren (shapeshifter) (Vaults:5)
  A hydra (shapeshifter) (Vaults:5)
  2 ravenous item mimics
  2 merfolk aquamancers
  41 yaktaur captains
  5 ice dragons
  19 hydras
  The ghost of ghwc the Thaumaturge, a powerful DgWz (D:11)
  Nessos (D:13)
  11 anacondas
  26 dancing weapons
  Erica (Lair:4)
  3 ravenous feature mimics
  5 very ugly things
  18 spriggan berserkers
  9 deep troll earth magi
  5 spriggan druids
  7 rakshasas
  2 spriggan assassins (Forest:2)
  24 ogre magi
  20 death yaks
  3 spriggan enchanters
  22 deep troll shamans
  4 tengu warriors
  2 spectral elves (Elf:3)
  39 naga warriors
  29 centaur warriors
  11 dryads
  Urug (Orc:2)
  A dryad (shapeshifter) (Depths:5)
  2 orc high priests (Elf:2)
  A titan zombie (Depths:5)
  2 soul eaters
  11 water nymphs
  13 deep elf knights
  Nergalle (D:10)
  4 sun demons
  44 hell knights
  A vampire mage (D:16)
  11 iron trolls
  6 catoblepae
  A fire crab (Vaults:2)
  A hell beast (Depths:3)
  A skeletal warrior (D:16)
  31 deep trolls
  3 flayed ghosts
  A swamp dragon (shapeshifter) (Depths:1)
  19 sea snakes
  45 fauns
  5 large abominations (Elf:3)
  13 ironbrand convokers
  2 wizards
  A sphinx zombie (Depths:5)
  3 lindwurms (Depths:3)
  9 ice statues
  A giant amoeba (shapeshifter) (Depths:2)
  2 shining eyes (shapeshifter)
  A hellion (Hell)
  21 harpies
  22 orc knights
  18 deep elf conjurers
  3 unseen horrors
  Joseph (D:8)
  10 giant amoebae
  3 shining eyes (Slime:1)
  21 hill giants
  A griffon (shapeshifter) (Vaults:5)
  4 orc sorcerers
  A hill giant (shapeshifter) (Vaults:3)
  6 red wasps
  21 necromancers
  A moth of wrath (shapeshifter) (Depths:1)
  3 phantasmal warriors
  3 stone giant zombies
  3 oklob plants
  4 wolf spiders
  A cyclops (shapeshifter) (Vaults:5)
  A red wasp (shapeshifter) (Depths:1)
  6 griffons
  An elephant (shapeshifter) (Depths:1)
  A fire giant skeleton (Depths:1)
  A black mamba (shapeshifter) (Vaults:3)
  8 guardian serpents
  A stone golem (Vaults:1)
  10 cyclopes
  4 spiny worms
  20 vault sentinels
  8 stone giant skeletons
  Maurice (D:8)
  A spiny worm (shapeshifter) (D:15)
  An eye of devastation (shapeshifter) (Vaults:4)
  9 deep elf summoners
  A guardian serpent (shapeshifter) (D:16)
  28 spirit wolves
  82 yaktaurs
  51 black mambas
  2 feature mimics
  A smoke demon (Depths:3)
  44 naga magi
  Psyche (D:10)
  9 small abominations
  8 spiny frogs
  2 orange demons
  An elf (shapeshifter) (Vaults:4)
  17 mermaids
  An octopode (Shoals:5)
  2 fire drakes
  A yaktaur (shapeshifter) (Depths:1)
  A centaur zombie (Depths:1)
  2 hellwings
  7 guardian mummies
  6 komodo dragons
  7 deep elf priests
  A demonic crawler (Elf:1)
  33 two-headed ogres
  3 blue devils
  A fire drake (shapeshifter) (D:14)
  2 hydra zombies (D:15)
  A harpy zombie (D:16)
  A tengu conjurer (Depths:3)
  43 giant fireflies
  76 spriggans
  2 jumping spiders
  An elf (D:14)
  A polar bear (shapeshifter) (Vaults:1)
  An iron devil (Depths:4)
  A troll (shapeshifter) (Depths:4)
  7 trolls
  11 thorn lotuses
  19 blink frogs
  66 slime creatures
  Prince Ribbit (D:8)
  2 boulder beetles (shapeshifter)
  A trapdoor spider zombie (D:13)
  6 boulder beetles
  A blink frog (shapeshifter) (Depths:1)
  A basilisk (shapeshifter) (Vaults:4)
  A wind drake (shapeshifter) (Depths:5)
  An ettin zombie (Depths:1)
  A fire giant simulacrum (Depths:1)
  5 grizzly bears
  14 snapping turtles
  18 air elementals
  4 wind drakes
  A brown ooze (shapeshifter) (Vaults:1)
  A trapdoor spider (D:11)
  16 redbacks
  A stone giant simulacrum (Vaults:3)
  A trapdoor spider (shapeshifter) (Depths:2)
  3 basilisks
  A vampire (Depths:1)
  A yak (shapeshifter) (D:13)
  17 water elementals
  5 brown oozes
  22 deep elf magi
  2 tarantellas
  38 yaks
  65 ugly things
  4 wraiths
  10 sharks
  A hill giant zombie (D:16)
  5 shadows
  6 hogs (Elf:2)
  A merfolk (shapeshifter) (Depths:6)
  3 wyverns
  A hog (shapeshifter) (Depths:1)
  64 merfolk
  33 wolves
  A steam dragon (Lair:2)
  A soldier ant (D:13)
  A wolf (shapeshifter) (Depths:1)
  24 hippogriffs
  2 hungry ghosts
  A neqoxec (Depths:3)
  23 deep elf fighters
  10 vampire mosquitoes
  A harpy simulacrum (Vaults:1)
  5 human zombies
  A manticore (shapeshifter) (Elf:2)
  17 manticores
  Edmund (Orc:1)
  2 mottled dragons
  5 sky beasts
  A human skeleton (Depths:5)
  An orange crystal statue (D:11)
  4 hell hounds
  40 orc warriors
  108 nagas
  A swamp drake (shapeshifter) (Vaults:5)
  3 black bears
  5 porcupines
  14 giant goldfish
  4 freezing wraiths
  7 necrophages
  A yellow wasp (shapeshifter) (Depths:6)
  2 boring beetles (shapeshifter)
  31 ice beasts
  66 ogres
  A phantom (D:6)
  A black bear (shapeshifter) (Vaults:5)
  A rotting devil (Depths:3)
  A blink frog skeleton (D:15)
  A deep dwarf (shapeshifter) (Vaults:5)
  6 tengu
  2 boring beetles (Depths:2)
  An ettin simulacrum (Vaults:2)
  35 centaurs
  12 yellow wasps
  A warg (shapeshifter) (Vaults:4)
  4 lava worms (Depths:5)
  21 crocodiles
  A yaktaur zombie (D:16)
  Sigmund (D:3)
  5 lost souls (Elf:3)
  A big kobold (D:15)
  12 wargs
  2 brain worms
  A glowing shapeshifter simulacrum (Depths:1)
  19 giant frogs
  8 giant slugs
  An ugly thing skeleton (D:16)
  32 water moccasins
  7 agate snails
  2 yaktaur skeletons
  A gnoll sergeant (D:9)
  A wyvern zombie (D:14)
  A cyclops zombie (D:14)
  A cyclops skeleton (D:15)
  A jelly (shapeshifter) (Vaults:5)
  4 eyes of draining
  An eye of draining (shapeshifter) (Depths:2)
  12 jellyfish
  33 killer bees
  2 lava snakes (Depths:5)
  8 wights
  4 quasits
  5 goliath beetles
  6 electric eels
  A hound (shapeshifter) (Vaults:5)
  8 big fish
  4 jellies
  16 crimson imps
  15 hounds
  12 worker ants
  4 scorpions
  A centaur skeleton (D:8)
  8 iguanas
  29 orc priests
  3 orange rats (Elf:1)
  47 orc wizards
  3 grizzly bear simulacra (Lair:8)
  A killer bee zombie (D:5)
  29 sheep
  A big kobold skeleton (D:7)
  6 boggarts (Depths:1)
  2 mummies (Forest:2)
  11 gnolls
  A lemure (Depths:1)
  34 adders
  3 giant centipedes
  3 hound simulacra (Lair:8)
  3 shadow imps
  A white imp (Elf:3)
  37 green rats
  4 giant mites
  7 worms
  7 ufetubi
  An iguana zombie (D:9)
  An adder skeleton (D:6)
  An iguana skeleton (D:5)
  8 giant eyeballs
  7 giant geckos
  3 oozes
  189 orcs
  4 sheep simulacra (Lair:8)
  37 bats
  4 giant cockroaches
  18 goblins
  32 hobgoblins
  19 jackals
  21 kobolds
  10 quokkas
  6 ball pythons
  6 giant newts
  3 giant spores
  2 hobgoblin skeletons
  13 illusory rakshasas (Depths:1)
  23 rats
  A rat simulacrum (Lair:8)
  A rat zombie (D:5)
  3 spectral orcs (D:10)
  21 ballistomycetes
  A butterfly (Forest:2)
  9 crawling corpses
  4 fungi
  12 plants
  7 snaplasher vines
3462 creatures vanquished.

Vanquished Creatures (collateral kills)
  A spriggan (Forest:5)
  A two-headed ogre (Orc:4)
  A merfolk (Shoals:5)
  4 ogres (Orc:4)
7 creatures vanquished.

Vanquished Creatures (others)
  A thorn hunter (Forest:5)
  An eldritch tentacle (Depths:2)
  A stone giant (Vaults:5)
  2 elemental wellsprings
  An ettin (Vaults:5)
  15 vault guards (Vaults:5)
  An ironheart preserver (Vaults:5)
  A deep troll earth mage (Vaults:5)
  A spriggan assassin (Forest:5)
  A shadow wraith (Vaults:1)
  A deep troll (Vaults:5)
  2 necromancers
  2 black mambas
  A yaktaur (Depths:1)
  A naga mage (Snake:5)
  4 slime creatures (D:12)
  An ettin zombie (Depths:6)
  A deep elf mage (Elf:1)
  A fire elemental (Orc:4)
  2 human zombies
  2 freezing wraiths
  A naga (Snake:3)
  2 orc warriors (Vaults:4)
  An orc wizard (Vaults:4)
  An adder (Snake:2)
  2 orcs (Vaults:5)
  A giant spore (D:15)
  2 ballistomycetes
  4 briar patches
  2 bushes (Depths:3)
  A crawling corpse (Elf:3)
  89 eldritch tentacle segments (Depths:2)
  7 fungi
  23 plants
  476 snaplasher vine segments
655 creatures vanquished.

Grand Total: 4124 creatures vanquished

Notes
Turn   | Place    | Note
--------------------------------------------------------------
     0 | D:1      | cedor, the Ogre Arcane Marksman, began the quest for the Orb.
     0 | D:1      | Reached XP level 1. HP: 19/19 MP: 2/2
   133 | D:1      | Reached XP level 2. HP: 9/28 MP: 1/3
   141 | D:1      | HP: 5/28 [bat (1)]
   411 | D:1      | HP: 2/28 [hobgoblin/orcish club (6)]
   845 | D:1      | Reached skill level 1 in Maces & Flails
   961 | D:1      | Reached XP level 3. HP: 21/35 MP: 4/4
  1003 | D:1      | HP: 7/35 [hobgoblin/club (4)]
  1455 | D:1      | Reached skill level 3 in Throwing
  2330 | D:2      | Reached skill level 3 in Fighting
  2330 | D:2      | Reached XP level 4. HP: 23/45 MP: 6/6
  2335 | D:2      | HP: 8/45 [kobold/short sword (8)]
  2338 | D:2      | HP: 2/45 [kobold/short sword (5)]
  2527 | D:2      | Found a shimmering altar of Xom.
  2560 | D:2      | HP: 2/45 [worm (9)]
  2886 | D:2      | Found a shimmering altar of Xom.
  2886 | D:2      | Found a shimmering altar of Xom.
  2892 | D:2      | Found a shimmering altar of Xom.
  3156 | D:3      | Reached skill level 3 in Maces & Flails
  3384 | D:3      | Reached XP level 5. HP: 50/53 MP: 7/7
  3585 | D:3      | Noticed Sigmund
  3595 | D:3      | Killed Sigmund
  3595 | D:3      | Reached skill level 4 in Fighting
  3905 | D:3      | Reached XP level 6. HP: 53/63 MP: 8/8
  3917 | D:3      | Reached skill level 5 in Maces & Flails
  3918 | D:3      | HP: 12/63 [orc/orcish dagger (5)]
  4597 | D:4      | Found Muciast's Magical Wand Emporium.
  4664 | D:4      | HP: 11/63 [adder (4)]
  4667 | D:4      | HP: 3/63 [adder (3)]
  5219 | D:4      | Paralysed by a giant eyeball for 2 turns
  5421 | D:5      | Entered Level 5 of the Dungeon
  5468 | D:5      | Reached skill level 6 in Maces & Flails
  5468 | D:5      | Reached XP level 7. HP: 51/72 MP: 9/12
  5752 | D:5      | Got a smoking mace {antimagic}
  5756 | D:5      | Identified the cursed +7,+6 mace "Shresimm" {antimagic, rN+} (You took it off a hobgoblin on level 5 of the Dungeon)
  5808 | D:5      | Reached skill level 7 in Maces & Flails
  5808 | D:5      | Reached skill level 3 in Spellcasting
  6018 | D:5      | Reached XP level 8. HP: 44/83 MP: 5/16
  6163 | D:5      | HP: 16/83 [poisoned by a worker ant]
  6169 | D:5      | HP: 16/83 [poisoned by a worker ant]
  6175 | D:5      | HP: 16/83 [poisoned by a worker ant]
  6183 | D:5      | HP: 15/83 [poisoned by a worker ant]
  6188 | D:5      | HP: 15/83 [poisoned by a worker ant]
  6197 | D:5      | HP: 13/83 [poisoned by a worker ant]
  6205 | D:5      | HP: 14/83 [poisoned by a worker ant]
  6211 | D:5      | HP: 13/83 [poisoned by a worker ant]
  6226 | D:5      | HP: 15/83 [poisoned by a worker ant]
  6231 | D:5      | HP: 15/83 [poisoned by a worker ant]
  6236 | D:5      | HP: 14/83 [poisoned by a worker ant]
  6250 | D:5      | HP: 15/83 [poisoned by a worker ant]
  6262 | D:5      | HP: 16/83 [poisoned by a worker ant]
  6269 | D:5      | HP: 16/83 [poisoned by a worker ant]
  6905 | D:6      | Reached skill level 6 in Fighting
  7055 | D:6      | Reached skill level 8 in Maces & Flails
  7092 | D:6      | Found a sparkling altar of Nemelex Xobeh.
  7237 | D:6      | HP: 7/84 [orc warrior/orcish glaive (15)]
  7242 | D:6      | Reached skill level 9 in Maces & Flails
  7314 | D:6      | Reached skill level 3 in Dodging
  7700 | D:7      | Reached skill level 1 in Shields
  7700 | D:7      | Reached XP level 9. HP: 82/93 MP: 6/19
  8104 | D:7      | Got a faintly glowing dagger
  8105 | D:7      | Identified the +0,+8 dagger "Blapha Larghe" {antimagic, SInv} (You found it on level 7 of the Dungeon)
  8227 | D:7      | Reached skill level 10 in Maces & Flails
  8306 | D:7      | Reached skill level 3 in Shields
  8386 | D:7      | Found a staircase to the Ecumenical Temple.
  8402 | Temple   | Entered the Ecumenical Temple
  8529 | Temple   | Became a worshipper of Cheibriados the Contemplative
  8789 | D:7      | Reached skill level 1 in Invocations
  8917 | D:8      | HP: 17/93 [manticore (6)]
  9105 | D:8      | Noticed Maurice
  9115 | D:8      | Killed Maurice
  9115 | D:8      | Reached XP level 10. HP: 72/102 MP: 20/20
  9179 | D:8      | Reached skill level 11 in Maces & Flails
  9179 | D:8      | Reached skill level 3 in Invocations
  9250 | D:8      | Noticed Joseph
  9261 | D:8      | Killed Joseph
  9270 | D:8      | Reached skill level 6 in Shields
  9393 | D:8      | Noticed Prince Ribbit
  9409 | D:8      | Killed Prince Ribbit
  9808 | D:9      | Learned a level 2 spell: Stoneskin
 10586 | D:10     | Entered Level 10 of the Dungeon
 10707 | D:10     | Acquired Cheibriados' first power
 10742 | D:10     | Noticed Nergalle
 10751 | D:10     | Noticed a spectral orc warlord
 10772 | D:10     | HP: 16/102 [spectral orc knight/orcish battleaxe[Nergalle] (12)]
 10780 | D:10     | HP: 13/102 [spectral orc warrior/orcish battleaxe[Nergalle] (11)]
 10782 | D:10     | Killed Nergalle
 10782 | D:10     | Reached skill level 12 in Maces & Flails
 10782 | D:10     | Reached skill level 1 in Earth Magic
 10782 | D:10     | Reached XP level 11. HP: 36/109 MP: 15/21
 10939 | D:10     | Noticed Psyche
 10945 | D:10     | Killed Psyche
 10994 | D:10     | Paralysed by a giant eyeball for 4 turns
 11033 | D:10     | Noticed a hill giant
 11043 | D:10     | Killed a hill giant
 11043 | D:10     | Reached skill level 3 in Hexes
 11978 | D:11     | Noticed an ice statue
 11994 | D:11     | Acquired Cheibriados' second power
 12000 | D:11     | Found Abism's Book Boutique.
 12037 | D:11     | Found a labyrinth entrance.
 12043 | Lab      | Entered a labyrinth
 12196 | Lab      | Noticed a minotaur
 12209 | Lab      | Killed a minotaur
 12214 | Lab      | Got a sparkling marble ring
 12236 | Lab      | Got a brightly glowing lead ring
 12246 | Lab      | Identified the ring of Ephemeral Luck {+/*Tele Str-2 Dex+3} (You found it in a labyrinth)
 12256 | Lab      | Gained mutation: You are resistant to hostile enchantments. [potion of beneficial mutation]
 12675 | D:11     | Found a staircase to the Lair.
 12683 | D:11     | Noticed ghwc's ghost (powerful DgWz)
 12698 | D:11     | Killed ghwc's ghost
 12698 | D:11     | Reached skill level 9 in Shields
 12711 | D:11     | Learned a level 1 spell: Apportation
 12728 | D:11     | Found a staircase to the Orcish Mines.
 13211 | D:11     | Killed an ice statue
 13267 | Lair:1   | Entered Level 1 of the Lair of Beasts
 13376 | Lair:1   | Acquired Cheibriados' third power
 13385 | Lair:1   | Reached skill level 13 in Maces & Flails
 13462 | Lair:1   | Reached XP level 12. HP: 118/118 MP: 22/22
 14065 | Lair:2   | Learned a level 3 spell: Confuse
 14070 | Lair:2   | Learned a level 4 spell: Enslavement
 14076 | Lair:2   | Reached skill level 6 in Invocations
 14108 | Lair:2   | Noticed a four-headed hydra
 14113 | Lair:2   | Killed a four-headed hydra
 15336 | Lair:3   | Noticed a seven-headed hydra
 15352 | Lair:3   | Killed a seven-headed hydra
 15434 | Lair:3   | Found an ancient bone altar of Kikubaaqudgha.
 15887 | Lair:1   | Learned a level 3 spell: Inner Flame
 15893 | Lair:1   | Learned a level 5 spell: Lee's Rapid Deconstruction
 15965 | Lair:3   | Noticed a death yak
 15966 | Lair:3   | Noticed a death yak
 15966 | Lair:3   | Noticed a death yak
 15967 | Lair:3   | Noticed a death yak
 15974 | Lair:3   | Noticed a death yak
 15979 | Lair:3   | Killed a death yak
 15983 | Lair:3   | Killed a death yak
 15983 | Lair:3   | Reached skill level 1 in Transmutations
 16000 | Lair:3   | Killed a death yak
 16002 | Lair:3   | Killed a death yak
 16020 | Lair:3   | Killed a death yak
 16020 | Lair:3   | Reached XP level 13. HP: 75/127 MP: 25/25
 16132 | Lair:4   | Noticed Erica
 16146 | Lair:4   | Killed Erica
 16146 | Lair:4   | Reached skill level 3 in Earth Magic
 16293 | Lair:4   | Reached skill level 14 in Maces & Flails
 16521 | Lair:4   | Reached skill level 6 in Throwing
 16786 | Lair:4   | Reached skill level 1 in Evocations
 17105 | Lair:5   | Found a basalt altar of Yredelemnul.
 17790 | Lair:5   | Found a staircase to the Snake Pit.
 17851 | Lair:5   | Found a staircase to the Shoals.
 17871 | Lair:5   | the staircase to the Shoals was a mimic.
 18115 | Lair:6   | Reached skill level 6 in Spellcasting
 18373 | Lair:6   | Reached skill level 3 in Evocations
 19041 | Lair:6   | Found a staircase to the Shoals.
 19474 | Lair:7   | Reached XP level 14. HP: 85/136 MP: 27/27
 19606 | Lair:7   | Learned a level 3 spell: Passwall
 19691 | Lair:7   | Reached skill level 12 in Shields
 19907 | Lair:8   | Entered Level 8 of the Lair of Beasts
 20031 | Lair:8   | Reached skill level 6 in Earth Magic
 20806 | Lair:8   | Got a smoking amber ring
 20809 | Lair:8   | Identified the ring "Aruoptul" {rN+ Dex+5 Int+3} (You found it on level 8 of the Lair of Beasts)
 20861 | Lair:8   | Reached skill level 6 in Hexes
 21186 | Lair:8   | Found a staircase to the Slime Pits.
 22192 | D:12     | Reached skill level 9 in Fighting
 22337 | D:12     | Found Okhlougi's Assorted Antiques.
 22369 | D:12     | Bought a metallic brown potion for 27 gold pieces
 22412 | D:12     | Reached skill level 6 in Dodging
 22507 | D:12     | HP: 15/140 [slime creature/exploding inner flame (15)]
 23181 | D:13     | Paralysed by a giant eyeball for 2 turns
 23197 | D:13     | Got a faintly glowing hand axe
 23198 | D:13     | Identified the +6,+5 hand axe "Pheafiff" {holy, rF+ rC+ Int+2} (You found it on level 13 of the Dungeon)
 23220 | D:13     | Noticed Nessos
 23223 | D:13     | Killed Nessos
 23285 | D:13     | Reached XP level 15. HP: 131/146 MP: 29/29
 23389 | D:13     | Found a frozen archway.
 23411 | IceCv    | Entered an ice cave
 24413 | D:13     | Learned a level 6 spell: Statue Form
 24664 | Orc:1    | Entered Level 1 of the Orcish Mines
 24842 | Orc:1    | Noticed Edmund
 24851 | Orc:1    | Killed Edmund
 25183 | Orc:2    | Noticed Urug
 25209 | Orc:2    | Killed Urug
 26316 | Orc:4    | Entered Level 4 of the Orcish Mines
 26363 | Orc:4    | Found a radiant altar of Vehumet.
 26851 | Orc:4    | Found Strana Greicw's Jewellery Emporium.
 26851 | Orc:4    | Found Koabro's Food Boutique.
 26852 | Orc:4    | Found Mnishuocoa's Weapon Shop.
 26852 | Orc:4    | Found Cricsoat's Book Emporium.
 26881 | Orc:4    | Bought the brooch of Shielding {Ward AC+4 EV+4} for 543 gold pieces
 26988 | Orc:4    | Found a staircase to the Elven Halls.
 27121 | Lair:1   | Reached skill level 3 in Transmutations
 27217 | D:14     | Found Suikh's Distillery.
 27220 | D:14     | Bought a potion of strong poison for 36 gold pieces
 27269 | D:14     | Found Coshol's Armour Shop.
 27282 | D:14     | Bought a +1 cloak of darkness for 214 gold pieces
 27998 | D:15     | Entered Level 15 of the Dungeon
 28184 | D:15     | Found a gate to the Vaults.
 28421 | D:15     | Reached XP level 16. HP: 66/159 MP: 30/30
 29285 | D:16     | Entered Level 16 of the Dungeon
 29353 | D:16     | Reached skill level 9 in Invocations
 29488 | D:16     | Found a staircase to the Depths.
 30176 | D:16     | Reached skill level 6 in Transmutations
 30719 | Shoals:1 | Entered Level 1 of the Shoals
 30729 | Shoals:1 | Reached skill level 15 in Maces & Flails
 30897 | Shoals:2 | Gained mutation: You have large cloven feet. [potion of beneficial mutation]
 31014 | Shoals:2 | Got a crude lead ring
 31193 | Shoals:1 | Got an opalescent robe
 31209 | Shoals:1 | Identified the +1 robe of Hahovueg {rC++ Dam+2 Stlth++} (You found it on level 1 of the Shoals)
 31915 | Shoals:2 | Identified the ring of Xefoz {+cTele Str-4 Dex+2} (You found it on level 2 of the Shoals)
 32098 | Shoals:2 | Noticed Donald
 32106 | Shoals:2 | Killed Donald
 32642 | Shoals:3 | Noticed Frances
 32655 | Shoals:2 | Killed Frances
 33185 | Shoals:3 | Noticed Norris
 33211 | Shoals:3 | Killed Norris
 33211 | Shoals:3 | Reached XP level 17. HP: 170/170 MP: 13/31
 33623 | Shoals:4 | Noticed Rupert
 33624 | Shoals:4 | Paralysed by Rupert for 7 turns
 33638 | Shoals:4 | Killed Rupert
 33756 | Shoals:4 | Noticed Wiglaf
 33772 | Shoals:4 | HP: 27/170 [Wiglaf/runed dwarven broad axe (13)]
 33781 | Shoals:4 | Killed Wiglaf
 34272 | Shoals:5 | Entered Level 5 of the Shoals
 34331 | Shoals:5 | Noticed Saint Roka
 34334 | Shoals:5 | Reached skill level 9 in Dodging
 34352 | Shoals:5 | Killed Saint Roka
 34541 | Shoals:5 | Noticed Gorice's ghost (mighty HaIE)
 34551 | Shoals:5 | Noticed Polyphemus
 34794 | Shoals:5 | HP: 23/172 [merfolk javelineer/ javelin (13)]
 34798 | Shoals:5 | Reached skill level 12 in Fighting
 35005 | Shoals:5 | Reached skill level 16 in Maces & Flails
 35179 | Shoals:5 | Noticed Ilsuiw
 35207 | Shoals:5 | HP: 44/223 [merfolk impaler/trident of venom (15)]
 35220 | Shoals:5 | HP: 39/223 [merfolk/trident (3)]
 35226 | Shoals:5 | HP: 33/223 [merfolk/trident (12)]
 35583 | Shoals:5 | Noticed Mara
 35619 | Shoals:5 | Noticed cedor's illusion
 35623 | Shoals:5 | Noticed Mara
 35623 | Shoals:5 | Noticed Mara
 35630 | Shoals:5 | Killed cedor's illusion
 35631 | Shoals:5 | HP: 21/172 [Mara/bolt of fire (51)]
 35634 | Shoals:5 | Killed Mara
 35951 | Shoals:5 | Killed Gorice's ghost
 36223 | Shoals:5 | Killed Ilsuiw
 36223 | Shoals:5 | Reached skill level 9 in Transmutations
 36223 | Shoals:5 | Reached skill level 9 in Earth Magic
 36485 | Shoals:5 | Killed Polyphemus
 36485 | Shoals:5 | Reached XP level 18. HP: 156/182 MP: 31/31
 36594 | Shoals:5 | Got a barnacled rune of Zot
 36953 | D:12     | Bought a scroll of brand weapon for 600 gold pieces
 37115 | Snake:1  | Entered Level 1 of the Snake Pit
 37287 | Snake:1  | Found a shimmering altar of Xom.
 38744 | Snake:2  | Reached skill level 1 in Stealth
 39252 | Snake:3  | Noticed Lamia
 39289 | Snake:3  | Killed Lamia
 39388 | Snake:3  | Noticed Jorgrun
 39550 | Snake:3  | Killed Jorgrun
 41216 | Snake:5  | Entered Level 5 of the Snake Pit
 41723 | Snake:5  | Reached XP level 19. HP: 192/192 MP: 33/33
 42399 | Snake:5  | Got a serpentine rune of Zot
 42530 | Snake:3  | HP: 37/193 [poisoned by a naga mage (poison arrow)]
 42869 | Vaults:1 | Entered Level 1 of the Vaults
 43687 | Vaults:1 | Reached skill level 9 in Spellcasting
 45346 | Vaults:2 | Reached XP level 20. HP: 208/208 MP: 36/36
 45595 | Vaults:2 | Found a staircase to the Enchanted Forest.
 45630 | Vaults:2 | Reached skill level 15 in Shields
 45700 | Vaults:2 | Reached skill level 15 in Fighting
 45850 | Vaults:2 | Upgraded the game from 0.14-a0-1585-g835621a to 0.14-a0-1590-g25a9b7f
 46086 | Vaults:3 | Found a staircase to the Crypt.
 46088 | Vaults:3 | the staircase to the Crypt was a mimic.
 46994 | Vaults:4 | Found a staircase to the Hall of Blades.
 48009 | Vaults:4 | Noticed Boris
 48571 | Elf:1    | Entered Level 1 of the Elven Halls
 48597 | Elf:1    | Noticed KINGBONG's ghost (powerful DsBe)
 48613 | Elf:1    | Killed KINGBONG's ghost
 48613 | Elf:1    | Reached skill level 9 in Throwing
 48831 | Elf:1    | Reached XP level 21. HP: 222/222 MP: 27/36
 49718 | Elf:2    | Noticed Kirke
 49726 | Elf:2    | Killed Kirke
 50005 | Elf:3    | Entered Level 3 of the Elven Halls
 50432 | Elf:3    | Noticed Agnes
 50441 | Elf:3    | Killed Agnes
 50476 | Elf:3    | Noticed Roxanne
 50481 | Elf:3    | Killed Roxanne
 50485 | Elf:3    | Identified Roxanne's Reference Book on Ashen Moulding (You took it off Roxanne on level 3 of the Elven Halls)
 50796 | Elf:3    | Reached skill level 12 in Dodging
 51630 | Elf:3    | Identified Sif Muna's Collected Works on Supportive Toxins
 51685 | Elf:3    | Reached skill level 17 in Fighting
 51735 | Elf:3    | Got a slimy flail
 51736 | Elf:3    | Identified the +3,+1 flail "Stralunal" {venom, Str+4} (You found it on level 3 of the Elven Halls)
 52339 | Lair:1   | Learned a level 6 spell: Invisibility
 52346 | Lair:1   | Learned a level 6 spell: Mass Confusion
 52501 | Depths:1 | Entered Level 1 of the Depths
 52501 | Depths:1 | Found a gateway to a ziggurat.
 52896 | Depths:1 | Reached skill level 3 in Stealth
 53176 | Depths:1 | sleeping: what browser are you using? shift+tab in chrome is irritating
 53176 | Depths:1 | cedor: firefox
 53176 | Depths:1 | cedor: and I don't use shift tab
 53218 | Depths:1 | sleeping: hm ok
 53294 | Depths:1 | Reached XP level 22. HP: 224/236 MP: 37/37
 53329 | Depths:1 | Found a gateway to Hell.
 53388 | Depths:1 | Reached skill level 9 in Hexes
 53635 | Depths:1 | Got a smoking cloak
 53639 | Depths:1 | Identified the cursed +0 cloak of Waniliat {rPois Acc-2} (You found it on level 1 of the Depths)
 53665 | Depths:1 | Noticed a golden dragon
 53695 | Depths:1 | Killed a golden dragon
 54399 | Depths:1 | Reached skill level 1 in Armour
 54436 | Depths:1 | Noticed a golden dragon
 54448 | Depths:1 | Killed a golden dragon
 54467 | Depths:1 | Reached skill level 3 in Armour
 54532 | Depths:1 | Paralysed by a giant eyeball for 3 turns
 54736 | Depths:1 | Found Plaunun's Armour Boutique.
 54736 | Depths:1 | Found Hisieg's Jewellery Shoppe.
 54754 | Depths:1 | Reached skill level 6 in Armour
 54762 | Depths:1 | Found Qarrid's Food Shoppe.
 54762 | Depths:1 | Found Ytoaj's Food Shop.
 55315 | Depths:2 | Reached XP level 23. HP: 247/247 MP: 37/37
 55652 | Depths:2 | Found a portal to a secret trove of treasure.
 55729 | Depths:1 | Gained mutation: You have a somewhat thin skeletal structure (Dex +2, Stlth). [a shining eye]
 56310 | Depths:2 | Reached skill level 9 in Armour
 57478 | Depths:3 | Gained mutation: You are dopey. (Int -2) [a neqoxec]
 58407 | Trove    | Entered a treasure trove
 58422 | Trove    | Got a faintly glowing steam dragon armour
 58433 | Trove    | Got a heavily runed troll leather armour
 58435 | Trove    | Got a bloodstained cloak
 58443 | Trove    | Got a faintly glowing robe
 58445 | Trove    | Got a smoking robe
 58449 | Trove    | Identified the +2 cloak of Vanity {rC+} (You found it in a treasure trove)
 58468 | Trove    | Identified the +1 robe "Kugheaw" {Int+1 Dam+4} (You found it in a treasure trove)
 58478 | Trove    | Identified the +4 steam dragon armour of the Bulwark {Dex-3 Int+5} (You found it in a treasure trove)
 58490 | Trove    | Identified the cursed +2 troll leather armour of Noapteazy {rF+} (You found it in a treasure trove)
 58512 | Trove    | Identified the +2 robe of the Spheres {rPois SInv} (You found it in a treasure trove)
 58664 | Depths:4 | Reached skill level 12 in Armour
 59642 | Depths:4 | Reached XP level 24. HP: 256/256 MP: 38/38
 59669 | Depths:4 | Gained mutation: Your body is slowly deteriorating. [a cacodemon]
 59742 | Depths:4 | Found a one-way gate to the infinite horrors of the Abyss.
 60768 | Vaults:4 | Killed Boris
 60971 | Blade    | Entered the Hall of Blades
 61003 | Blade    | Reached skill level 18 in Fighting
 61407 | Vaults:5 | Entered Level 5 of the Vaults
 61620 | Vaults:5 | Reached skill level 12 in Earth Magic
 62218 | Vaults:5 | Learned a level 2 spell: Blink
 62454 | Vaults:5 | Found Xed Etivoece's Assorted Antiques.
 62457 | Vaults:5 | Identified the Catalogue of Lucky Displacement
 62461 | Vaults:5 | Bought a scroll of enchant weapon I for 148 gold pieces
 62528 | Vaults:5 | Reached skill level 1 in Translocations
 62656 | Vaults:5 | Reached XP level 25. HP: 205/266 MP: 35/38
 62803 | Vaults:5 | Got a silver rune of Zot
 63388 | Vaults:5 | Reached skill level 3 in Translocations
 64298 | Lair:1   | Lost mutation: You are dopey. (Int -2) [potion of cure mutation]
 64298 | Lair:1   | Lost mutation: You have large cloven feet. [potion of cure mutation]
 64298 | Lair:1   | Lost mutation: You have a somewhat thin skeletal structure (Dex +2, Stlth). [potion of cure mutation]
 64298 | Lair:1   | Lost mutation: Your body is slowly deteriorating. [potion of cure mutation]
 64298 | Lair:1   | Lost mutation: You are resistant to hostile enchantments. [potion of cure mutation]
 64634 | Forest:1 | Entered Level 1 of the Enchanted Forest
 65981 | Forest:1 | Reached skill level 19 in Fighting
 66240 | Forest:2 | Found a staircase to the Tomb.
 67224 | Forest:2 | Reached skill level 12 in Throwing
 67374 | Forest:3 | Noticed Margery
 67406 | Forest:3 | Reached XP level 26. HP: 167/279 MP: 38/40
 68285 | Forest:3 | Noticed Jory
 68337 | Forest:3 | Killed Jory
 68664 | Forest:3 | Killed Margery
 68791 | Forest:3 | Reached skill level 12 in Spellcasting
 69406 | Forest:4 | Found an iron altar of Okawaru.
 69793 | Forest:4 | Reached skill level 20 in Fighting
 70238 | Forest:5 | Entered Level 5 of the Enchanted Forest
 70294 | Forest:5 | Noticed Sojobo
 70331 | Forest:5 | Killed Sojobo
 70331 | Forest:5 | Reached skill level 12 in Hexes
 70922 | Forest:5 | Noticed Boris
 70941 | Forest:5 | Killed Boris
 71425 | Forest:5 | Got a slimy silver amulet
 71426 | Forest:5 | Identified the amulet of Touwnu {Ward +Inv} (You took it off a spriggan defender on level 5 of the Enchanted Forest)
 71502 | Forest:5 | Reached XP level 27. HP: 293/293 MP: 41/41
 71668 | Forest:5 | Noticed the Enchantress
 71685 | Forest:5 | Killed the Enchantress
 71722 | Forest:5 | Got a faerie dragon armour
 71743 | Forest:5 | Identified the +5 faerie dragon armour {rElec} (You took it off the Enchantress on level 5 of the Enchanted Forest)
 72324 | Lair:1   | Upgraded the game from 0.14-a0-1590-g25a9b7f to 0.14-a0-1613-gd720e3e
 72743 | Depths:5 | Reached skill level 21 in Fighting
 72838 | Depths:5 | Found a corrupted altar of Lugonu.
 72936 | Depths:5 | Noticed Xtahua
 72973 | Depths:5 | Killed Xtahua
 73530 | Depths:5 | Gained mutation: Armour fits poorly on your strangely shaped body. [a shining eye]
 73730 | Depths:5 | Reached skill level 22 in Fighting
 74245 | Depths:5 | Found Zoykyry's Armour Shop.
 74390 | Depths:5 | Reached skill level 15 in Hexes
 74630 | Depths:6 | Entered Level 6 of the Depths
 74757 | Depths:6 | Paralysed by a sphinx for 6 turns
 74792 | Depths:6 | HP: 60/301 [shadow dragon (5)]
 75492 | Depths:6 | Noticed Frederick
 75526 | Depths:6 | Killed Frederick
 75554 | Depths:6 | Reached skill level 23 in Fighting
 76010 | Orc:4    | Bought a manual of Maces & Flails for 1435 gold pieces
 77318 | Depths:6 | Reached skill level 18 in Maces & Flails
 77334 | Depths:6 | Found a gate to the Realm of Zot.
 77577 | Hell     | Entered the Vestibule of Hell
 77577 | Hell     | Noticed Geryon
 77607 | Hell     | Killed Geryon
 78767 | Slime:1  | Entered Level 1 of the Pits of Slime
 79379 | Slime:1  | Paralysed by a giant eyeball for 2 turns
 79587 | Slime:2  | Reached skill level 24 in Fighting
 79588 | Slime:2  | HP: 19/309 [titanic slime creature (92)]
 79597 | Slime:2  | HP: 44/309 [acid (3)]
 79603 | Slime:2  | Paralysed by a giant eyeball for 3 turns
 79606 | Slime:2  | HP: 34/309 [giant amoeba (9)]
 79611 | Slime:2  | HP: 24/309 [acid (2)]
 79613 | Slime:2  | Paralysed by a giant eyeball for 4 turns
 79615 | Slime:2  | HP: 7/309 [acid (5)]
 79615 | Slime:2  | HP: 1/309 [acid (3)]
 79615 | Slime:2  | Mangled by a giant amoeba

Vault maps used:
D:1:      erik_entry_triangle_medium
D:2:      xom_redecorated
D:3:      uniq_sigmund
D:4:      serial_shops, shop_fountains, first_bread
D:6:      nemelex_xobeh_ov_fountains_minmay
D:7:      corexii_shantytown, temple_green
D:8:      uniq_prince_ribbit1, uniq_joseph, uniq_maurice
D:10:     uniq_psyche, uniq_nergalle
D:11:     minmay_separated_statues, orc_0_dummy, serial_shops, shop,
          lab_entry_generic, grunt_ogre_cave
D:12:     serial_shops, shop
D:13:     portal_ice_cave_entry_ice_statue_01, dk_noncrumbling_4, uniq_nessos
D:14:     serial_shops, shop, shop_fountains, sword_in_stone
D:15:     david_vaults_4
D:16:     gammafunk_depths_entry_grave
Temple:   water_room_temple_a_12
Orc:1:    uniq_edmund
Orc:2:    basic_altar, uniq_urug
Orc:4:    basic_altar, st_orc_ogre_mass
Elf:1:    baited_tele_trap, grunt_megastairs_2
Elf:2:    uniq_kirke
Elf:3:    elf_hall_gauntlet_narrow, laboratory, uniq_agnes, uniq_roxanne
Lair:1:   minivault_23
Lair:2:   serial_bayou_ford_a, roderic_carrion_pond, lemuel_fruit_tree
Lair:3:   basic_altar, serial_bayou_pond_e
Lair:4:   columned_hall_lemuel, uniq_erica
Lair:5:   minmay_shoals_entry_beasts, minmay_snake_entry_guardpost_medium,
          basic_altar, st_stairs_6
Lair:6:   minmay_shoals_entry_lonely_mermaid, infiniplex_staircase_pool
Lair:8:   evilmike_catoblepas_cave, minmay_slime_entry_pillars,
          eino_house_with_fridge
Shoals:2: nicolae_shoals_wave_tunnel, uniq_donald
Shoals:3: uniq_frances, uniq_norris
Shoals:4: uniq_rupert, uniq_wiglaf
Shoals:5: shoals_end_simple, shoal_ilsuiw, uniq_mara, uniq_polyphemus,
          uniq_saint_roka
Snake:1:  basic_altar
Snake:2:  nicolae_snake_single_loop, guppyfry_snake_island
Snake:3:  st_stairs_10, uniq_lamia, uniq_jorgrun
Snake:4:  grunt_megastairs_3
Snake:5:  snake_pit
Vaults:1: v_alt_pattern_5, nicolae_vaults_alarming, hangedman_vaults_stitches,
          dpeg_vaults_monster_box, vaults_mumra_minichess_inversion,
          nicolae_vaults_little_squares_2, grunt_vaults_swirl,
          nicolae_vaults_little_squares_4, ontoclasm_vaults_misaligned,
          vaults_room_semicircle, ontoclasm_vaults_gateway
Vaults:2: hangedman_vaults_hard_town_square, grunt_forest_entry_clearing,
          ontoclasm_vaults_chip, hangedman_vaults_maws, vaults_room_pools,
          vaults_standard_mumra_x, v_rooms_2, v_misc_19
Vaults:3: st_lines, grunt_vaults_hallway_short, ontoclasm_vaults_fault,
          vaults_room_octagon, vaults_dpeg_diagonal, grunt_vaults_hallway_short,
          v_misc_9, nicolae_vaults_what_the_h, dummy_crypt_entry
Vaults:4: nicolae_vaults_blade_crossed_weapons, ontoclasm_vaults_chip,
          vaults_room_stairs_pillars, vaults_room_boxed, v_rooms_4, v_misc_11,
          vaults_mumra_lcd, vaults_room_grid, ontoclasm_vaults_idyll,
          grunt_vaults_trifunnel, vaults_mumra_hex, vaults_room_large_hall,
          nicolae_vaults_little_squares_2, v_misc_16, uniq_boris
Forest:2: tomb_entry_pyramid_bobbens, nicolae_forest_quartered_pool_little
Forest:3: nicolae_forest_firefly_meadow, uniq_jory, uniq_margery
Forest:4: basic_altar
Forest:5: grunt_forest_end_chambers, grunt_forest_small_clearing_pond,
          uniq_sojobo, uniq_boris
Lab:      labyrinth_mini_lab, labyrinth_skeletal_remains, labyrinth_lava_lair
Trove:    trove_armour_2
IceCv:    ice_cave_statue_garden_02
Depths:1: hangedman_box_tower, enter_ziggurat_a, serial_sigils_hangedman_gnaw,
          hangedman_tar_grid_catacomb, grunt_pan_entry_spiral
Depths:2: minmay_ice_pillars, enter_trove_2, hell_entry, evilmike_bad_box
Depths:3: hangedman_hanging_gardens, minmay_misc_feat_nine_boxes, hell_entry,
          rand_demon_pan_entry_7, hangedman_abyss_or_decor_jellyfish_corner,
          grunt_ministairs_1
Depths:4: four-leaf_vault, hangedman_geh_valley, rand_demon_pan_entry_8,
          abyss_entry, minmay_staircase_bubble
Depths:5: grunt_twisty_corner, abyss_entry_flame_altar, hellmouth_1,
          serial_shops, shop, glass_columns_a, nicolae_twisting_strands,
          infiniplex_staircase_zigzag_2, uniq_xtahua
Depths:6: grunt_zot_entry_gee_three, lightli_too_deep,
          minmay_stone_trees_medium, minivault_16, lightli_gold_pyramid,
          uniq_frederick

Action                   |  1- 3 |  4- 6 |  7- 9 | 10-12 | 13-15 | 16-18 | 19-21 | 22-24 | 25-27 || total
-------------------------+-------+-------+-------+-------+-------+-------+-------+-------+-------++-------
Melee: Unarmed           |    82 |       |       |       |       |       |    10 |       |       ||    92
       Club              |   150 |    58 |       |       |       |       |       |       |       ||   208
       Whip              |    32 |     9 |       |       |       |       |       |       |       ||    41
       Flail             |       |   116 |    34 |       |       |    45 |       |       |    68 ||   263
       Mace              |       |       |   277 |   747 |  1853 |    34 |     1 |       |       ||  2912
       Morningstar       |       |       |       |       |   197 |   925 |       |       |       ||  1122
       Demon whip        |       |       |       |       |       |   927 |  1996 |  2275 |  4313 ||  9511
       Demon blade       |       |       |       |       |       |       |       |    11 |       ||    11
       Great mace        |       |       |       |       |       |       |       |       |   130 ||   130
Throw: Large rock        |    10 |    11 |    21 |    18 |    20 |    44 |    23 |    16 |    24 ||   187
       Dart              |     8 |    63 |   152 |     3 |       |       |       |       |     8 ||   234
       Stone             |       |     5 |       |       |     1 |     3 |       |       |       ||     9
       Tomahawk          |       |       |     4 |   159 |   170 |    14 |       |       |       ||   347
       Throwing net      |       |       |     1 |     2 |       |     1 |       |       |       ||     4
       Javelin           |       |       |       |     2 |    10 |   133 |   130 |    99 |    83 ||   457
 Cast: Corona            |     4 |       |       |       |       |       |       |       |       ||     4
       Stoneskin         |       |       |       |     2 |    11 |    15 |       |     3 |       ||    31
       Confuse           |       |       |       |     1 |     1 |       |       |       |     4 ||     6
       Passwall          |       |       |       |       |     2 |       |       |       |       ||     2
       Lee's Rapid Decon |       |       |       |       |    14 |     5 |     5 |     1 |       ||    25
       Apportation       |       |       |       |       |       |     6 |     9 |       |       ||    15
       Statue Form       |       |       |       |       |       |     2 |     2 |     3 |       ||     7
       Blink             |       |       |       |       |       |       |       |       |     9 ||     9
Invok: Bend Time         |       |       |       |     9 |     3 |     6 |       |       |     9 ||    27
       Slouch            |       |       |       |     3 |    16 |    18 |    27 |     7 |    23 ||    94
       Temporal Distorti |       |       |       |       |     2 |     1 |       |       |     3 ||     6
 Abil: Evoke Flight      |       |       |       |       |       |     3 |       |     1 |     3 ||     7
       Evoke Invisibilit |       |       |       |       |       |     1 |       |       |       ||     1
       Stop Flying       |       |       |       |       |       |       |       |       |     3 ||     3
Evoke: Wand              |       |       |     3 |    11 |    12 |     9 |     2 |     6 |     7 ||    50
       lamp of fire      |       |       |       |       |     1 |     4 |       |       |       ||     5
       phial of floods   |       |       |       |       |       |     1 |       |       |       ||     1
  Use: Potion            |       |     2 |     3 |     5 |     2 |    12 |     2 |     1 |     5 ||    32
       Scroll            |       |       |    16 |    13 |    17 |    16 |     8 |    26 |    16 ||   112
 Stab: Fleeing           |       |       |       |       |     1 |       |       |       |       ||     1
       Petrified         |       |       |       |       |     1 |       |       |       |       ||     1
       Distracted        |       |       |       |       |     1 |       |     2 |     1 |     1 ||     5
       Sleeping          |       |       |       |       |       |    19 |    19 |     1 |     1 ||    40
       Invisible         |       |       |       |       |       |     1 |       |       |       ||     1
